 Dungeon Crawl Stone Soup version 0.21.0-3-g78d12a8 (webtiles) character file.

105 tidbits the Magician (level 4, 6/23 HPs)
             Began as a Vine Stalker Wizard on Jan 11, 2018.
             Quit the game on level 4 of the Dungeon.
             The game lasted 00:08:31 (1661 turns).

tidbits the Magician (Vine Stalker Wizard)          Turns: 1661, Time: 00:08:32

Health: 6/23       AC:  8    Str: 11    XL:     4   Next: 83%
Magic:  8/9        EV: 10    Int: 18    God:
Gold:   113        SH:  0    Dex: 12    Spells: 8/9 levels left

rFire    . . .     SeeInvis .     - Unarmed
rCold    . . .     Gourm    .   (no shield)
rNeg     . . .     Faith    +   o - +0 ring mail
rPois    .         Spirit   +   b - +0 hat
rElec    .         Reflect  .   (no cloak)
rCorr    .         Harm     .   G - +0 pair of gloves
MR       .....                  (no boots)
Stlth    +.........             k - amulet of faith
HPRegen  0.47/turn              U - +2 ring of protection
MPRegen  0.11/turn              (no ring)

@: lethally poisoned (6 -> -15)
A: fangs 2, regeneration 1, magic shield, antimagic bite, no potion heal 3, rot
immunity
a: no special abilities


You were on level 4 of the Dungeon.
You were hungry.

You visited 1 branch of the dungeon, and saw 5 of its levels.

You collected 113 gold pieces.

Inventory:

Hand Weapons
 e - a +0 dagger
 g - a +0 short sword
 l - a +1 hand axe of freezing
   (You found it on level 3 of the Dungeon)
Missiles
 m - 13 arrows
Armour
 a - a +0 robe
 b - a +0 hat (worn)
 o - a +0 ring mail (worn)
 B - a +0 chain mail
 G - a +0 pair of gloves (worn)
Jewellery
 k - an amulet of faith (around neck)
   (You found it on level 3 of the Dungeon)
 U - a +2 ring of protection (left hand)
   (You found it on level 1 of the Dungeon)
Scrolls
 f - 2 scrolls of identify {unknown}
 h - 2 scrolls of teleportation {unknown}
 j - a scroll of amnesia {unknown}
 n - 2 scrolls of enchant armour {unknown}
 r - 2 scrolls of remove curse
Books
 d - a book of Minor Magic

   Spells                             Type                      Level
   a - Magic Dart                     Conjuration                  1
   b - Blink                          Translocation                2
   c - Call Imp                       Summoning                    2
   d - Slow                           Hexes                        2
   e - Conjure Flame                  Conjuration/Fire             3
   f - Mephitic Cloud                 Conjuration/Poison/Air       3
Comestibles
 c - 8 rations


   Skills:
 + Level 2.0 Fighting
 - Level 1.5 Dodging
 - Level 2.7 Stealth
 * Level 3.2 Unarmed Combat
 - Level 3.2 Spellcasting
 - Level 1.0 Conjurations
   Level 1.0 Summonings
   Level 1.0 Translocations


You had 8 spell levels left.
You knew the following spells:

 Your Spells              Type           Power        Failure   Level  Hunger
a - Magic Dart            Conj           #...         26%         1    None


Dungeon Overview and Level Annotations

Branches:
Dungeon (5/15)
 Temple: D:4-7

Altars:
Trog

Annotations:
D:2 Sigmund
D:4 tidbits's ghost, amateur VSWz


Innate Abilities, Weirdness & Mutations

You have extremely sharp teeth.
Your natural rate of healing is unusually fast.
When hurt, damage is shared between your health and your magic reserves.
Your bite disrupts and absorbs the magic of your enemies.
Potions cannot restore your health.
You are immune to rotting.


Message History

The adder is severely wounded.
The adder bites you but does no damage.
You hit the adder but do no damage.
The adder is severely wounded.
The adder bites you.
You miss the adder.
The adder is severely wounded.
The adder bites you but does no damage.
You hit the adder.
The adder is severely wounded.
The adder bites you. The adder barely misses you.
An orc comes into view. It is wielding a dagger.
Your ring mail prevents you from hitting the adder.
The adder is severely wounded.
The adder bites you but does no damage.
You closely miss the adder.
The adder is severely wounded.
The adder bites you but does no damage.
You closely miss the adder. You bite the adder, but do no damage.
The adder is severely wounded.
The adder closely misses you.
You closely miss the adder. You bite the adder, but do no damage.
The adder is severely wounded.
The adder bites you. x2
You are poisoned.
The adder poisons you!
You miss the adder.
The adder is severely wounded.
You feel sick. The adder bites you.
You barely miss the adder.
The adder is severely wounded.
The adder bites you but does no damage.
You hit the adder.
You kill the adder!
The orc wizard looks encouraged for a moment.
It was a potion of curing.
Your system rejects the healing.
You feel better. The orc completely misses you.
The orc wizard casts a spell.
The orc wizard flickers and vanishes!
Deactivating autopickup; reactivate with Ctrl-A.
You barely miss the orc. The orc barely misses you.
Your ring mail prevents you from hitting the orc.
Your bite misses the orc.
You hear some strange, mumbled words.
The orc barely misses you.
You hear a shout!
You barely miss the orc. Your bite misses the orc.
The orc hits you with a whip.
You barely miss the orc. The orc hits you but does no damage.
You hit the orc but do no damage. The orc hits you but does no damage.
You barely miss the orc. You completely miss the orc.
The orc closely misses you.
You closely miss the orc. You bite the orc. You drain its power.
You feel invigorated.
The orc is lightly wounded.
The orc barely misses you.
You punch the orc!
You kill the orc!
You closely miss something. Your bite misses something.
Something hits you but does no damage. x2
You are poisoned.
You hit something. You bite something.
You feel sick. Something hits you.
You are more poisoned.
Okay, then.
You miss something. You bite something.
You feel sick. Something hits you but does no damage.
You are more poisoned.
Something hits you but does no damage.
You are more poisoned.
You hit something. Your punch misses something. Your bite misses something.
You feel very sick. Something hits you but does no damage.
You are lethally poisoned!
You miss something.
You feel very sick.
You hear some strange, mumbled words.
A puff of flame appears from out of thin air!
The puff of flame misses you. Something hits you.
You are more poisoned.
You completely miss something.
You feel very sick. Something hits you.
* * * LOW HITPOINT WARNING * * *
You are more poisoned.
Your system rejects the healing.
You feel better. Something hits you but does no damage.
You are poisoned.
You miss something.
You feel sick. Something hits you but does no damage.
You are more poisoned.
Something hits you.
* * * LOW HITPOINT WARNING * * *
You are lethally poisoned!
You miss something. You bite something. You drain its magic.
You feel invigorated.
* * * LOW HITPOINT WARNING * * *
You feel sick. Something hits you but does no damage.
You are more poisoned.
Are you sure you want to abandon this character and quit the game? (Confirm with "yes".) oo

.. #o. #o. #. #..
#. #.# #..
#.######
####.####.oo)@.#
#.........o###.#
#...>......# .#
#..........# .#
#..........# .#
#..........###.##
#...............#
#...........#####
#...........####


You could see 3 orcs.

Vanquished Creatures
  6 adders
  2 oozes
  A worm (D:3)
  2 dart slugs
  2 orcs
  4 giant cockroaches
  2 goblins (D:1)
  4 hobgoblins
  2 jackals (D:1)
  A quokka (D:3)
  3 bats
  4 frilled lizards
  3 kobolds
  3 rats
39 creatures vanquished.

Vanquished Creatures (others)
  A kobold (D:2)
1 creature vanquished.

Grand Total: 40 creatures vanquished

Notes
Turn   | Place    | Note
-------+----------+-------------------------------------------
     0 | D:1      | tidbits the Vine Stalker Wizard began the quest for the Orb.
     0 | D:1      | Reached XP level 1. HP: 9/9 MP: 5/5
   254 | D:2      | Reached XP level 2. HP: 14/14 MP: 7/7
   279 | D:2      | Reached skill level 1 in Fighting
   279 | D:2      | Reached skill level 1 in Unarmed Combat
   285 | D:2      | Noticed Sigmund
   564 | D:2      | Reached XP level 3. HP: 18/18 MP: 6/8
   576 | D:2      | Reached skill level 2 in Unarmed Combat
   812 | D:3      | Gained mutation: Your natural rate of healing is unusually fast. [Vine Stalker growth]
   812 | D:3      | Reached XP level 4. HP: 9/22 MP: 7/9
  1120 | D:3      | Reached skill level 3 in Unarmed Combat
  1196 | D:4      | Noticed tidbits's ghost (amateur VSWz)
  1319 | D:3      | Reached skill level 2 in Fighting
  1352 | D:3      | Found a bloodstained altar of Trog.
  1583 | D:5      | Entered Level 5 of the Dungeon
  1661 | D:4      | Quit the game

Skill      XL: |  1  2  3  4 |
---------------+-------------+-----
Fighting       | 1 2 |  2.0
Unarmed Combat | 1 2 3 |  3.2
Dodging        | |  1.5
Stealth        | |  2.7
Spellcasting   | |  3.2
Conjurations   | |  1.0
Summonings     | |  1.0
Translocations | |  1.0

Action                   |  1- 3 |  4- 6 || total
-------------------------+-------+-------++-------
Melee: Unarmed           |   110 |   112 ||   222
       Bite              |    23 |    18 ||    41
       Punch             |       |     1 ||     1
 Cast: Magic Dart        |    11 |     4 ||    15
  Use: Potion            |     1 |     2 ||     3
       Scroll            |       |     2 ||     2
 Stab: Sleeping          |       |     1 ||     1
  Eat: Chunk             |       |     2 ||     2
Armor: Ring mail         |    52 |    51 ||   103
Dodge: Dodged            |    54 |    47 ||   101

Table legend:
 A = Turns spent in this place as a percentage of turns spent in the entire game.
 B = Non-inter-level travel turns spent in this place as a percentage of non-inter-level travel turns spent in the entire game.
 C = Inter-level travel turns spent in this place as a percentage of turns spent in this place.
 D = Turns resting spent in this place as a percentage of non-inter-level travel turns spent in this place.
 E = Turns spent auto-exploring this place as a percentage of non-inter-level travel turns spent in this place.
 F = Non-inter-level travel turns spent in this place divided by the number of levels of this place that you've seen.
                   A       B       C       D       E      F
               +-------+-------+-------+-------+-------+----------------------
         Total | 100.0 | 100.0 |   3.7 |   0.0 |   0.0 | 320.0
       Dungeon | 100.0 | 100.0 |   3.7 |   0.0 |   0.0 | 320.0
               +-------+-------+-------+-------+-------+----------------------

Table legend:
 A = Kills in this place as a percentage of kills in entire the game.
 B = Kills by you in this place as a percentage of kills by you in the entire game.
 C = Kills by friends in this place as a percentage of kills by friends in the entire game.
 D = Other kills in this place as a percentage of other kills in the entire game.
 E = Experience gained in this place as a percentage of experience gained in the entire game.
 F = Experience gained in this place divided by the number of levels of this place that you have seen.
                   A       B       C       D       E      F
               +-------+-------+-------+-------+-------+----------------------
         Total | 100.0 | 100.0 |   N/A |   N/A | 100.0 |  30.2
       Dungeon | 100.0 | 100.0 |   N/A |   N/A | 100.0 |  30.2
               +-------+-------+-------+-------+-------+----------------------

Vault maps used:
D:1:      dpeg_arrival_brainrot, minmay_misc_feat_four_crosses,
          hangedman_abyss_or_decor_lesser_grid, minmay_tetromino_o2
D:2:      lemuel_flame_loot_1, uniq_sigmund
D:3:      nicolae_overflow_hidden_temple, first_ration
D:4:      kennysheep_six_static_rooms, grunt_temple_overflow_diamond,
          cheibriados_altar_1, minmay_temple_entry_junction
D:5:      nicolae_overflow_crystal_walls, corexii_corridor_pit, minivault_4
